 Dungeon Crawl Stone Soup version 0.31-a0-441-g867994ef1c (webtiles) character file.

Game seed: 12209293611619626248

232466 Dittersdorf the Peltast (level 19, -4/133 HPs)
             Began as a Gargoyle Fighter on Aug 2, 2023.
             Was the Champion of Okawaru.
             Killed from afar by a deep elf annihilator (69 damage)
             ... with a crystal spear
             ... on level 3 of the Elven Halls.
             The game lasted 01:15:13 (33034 turns).

Dittersdorf the Peltast (Gargoyle Fighter)         Turns: 33034, Time: 01:15:13

Health: -4/133     AC: 50    Str: 31    XL:     19   Next: 54%
Magic:  17/19      EV: 11    Int: 11    God:    Okawaru [******]
Gold:   1858       SH: 25    Dex: 17    Spells: 18/18 levels left

rFire   . . .        M - +5 eveningstar (holy)
rCold   + . .        y - +1 tower shield {rN+}
rNeg    + + +        q - +5 plate armour "Meluikiwk" {Rampage rN++}
rPois   ∞            B - +2 hat {SInv}
rElec   +            x - +1 cloak {rCorr}
rCorr   +            b - +0 pair of gloves "Cudenkok" {rElec Str+2 Dex+3}
SInv    +            G - +1 pair of boots of the Planets {rElec rC+ rN+ Regen+ Int+3}
Will    +++..        e - amulet of regeneration Stlth
                     Q - ring of willpower
HPRegen 2.02/turn    S - ring "Ykhaodgh" {Will+ Dex+5 SInv}
MPRegen 0.16/turn

%: rampage
@: heroic, flying
A: sickness immunity, AC +14, big wings, negative energy resistance 1,
electricity resistance, torment resistance 1, petrification resistance, hooves 1
}: 1/15 runes: serpentine
a: Renounce Religion, Heroism, Finesse, Duel


You were on level 3 of the Elven Halls.
You worshipped Okawaru.
Okawaru was exalted by your worship.
You visited 6 branches of the dungeon, and saw 30 of its levels.
You visited the Abyss 2 times.
You visited 1 bazaar.
You also visited: Bailey.

You collected 4369 gold pieces.
You spent 2511 gold pieces at shops.

Inventory:

Hand Weapons
 M - a +5 eveningstar of holy wrath (weapon)
Missiles
 s - 2 throwing nets (quivered)
Armour
 b - the +0 pair of gloves "Cudenkok" (worn) {rElec Str+2 Dex+3}
   (You acquired it on level 4 of the Lair of Beasts)

   Str:       It affects your strength (+2).
   Dex:       It affects your dexterity (+3).
   rElec:     It insulates you from electricity.
 q - the +5 plate armour "Meluikiwk" (worn) {Rampage rN++}
   (You bought it in a shop on level 1 of the Dungeon)

   rN:        It greatly protects you from negative energy.
   Rampage:   It bestows one free step when moving towards enemies.
 w - the +3 cloak "Goit" {rF++ Str-5 Int+3}
   (Okawaru gifted it to you on level 15 of the Dungeon)

   Str:       It affects your strength (-5).
   Int:       It affects your intelligence (+3).
   rF:        It greatly protects you from fire.
 x - a +1 cloak of preservation (worn)
 y - a +1 tower shield of positive energy (worn)
 B - a +2 hat of see invisible (worn)
 D - a scarf of resistance
 G - the +1 pair of boots of the Planets (worn) {rElec rC+ rN+ Regen+ Int+3}
   (Okawaru gifted it to you on level 2 of the Snake Pit)

   Int:       It affects your intelligence (+3).
   rC:        It protects you from cold.
   rElec:     It insulates you from electricity.
   rN:        It protects you from negative energy.
   Regen:     It increases your rate of health regeneration.
Jewellery
 c - a ring of resist corrosion
 e - an amulet of regeneration (around neck)
 C - the ring of Sirolug {rPois rC+}
   (You found it on level 10 of the Dungeon)

   [ring of poison resistance]

   rC:        It protects you from cold.
   rPois:     It protects you from poison.
 K - a ring of protection from fire
 N - the ring "Xarute" {Ice Str+5}
   (You bought it in a shop on level 1 of the Orcish Mines)

   [ring of ice]

   It enhances your ice magic.
   Str:       It affects your strength (+5).
   rF:        It makes you vulnerable to fire.
   rC:        It protects you from cold.
 Q - a ring of willpower (left hand)
 S - the ring "Ykhaodgh" (right hand) {Will+ Dex+5 SInv}
   (You bought it in a shop in a bazaar)

   [ring of willpower]

   Dex:       It affects your dexterity (+5).
   SInv:      It lets you see invisible.
   Will:      It increases your willpower.
Wands
 i - a wand of light (10)
 A - a wand of digging (3)
Scrolls
 l - 2 scrolls of fog
 m - 2 scrolls of poison
 n - 10 scrolls of teleportation
 o - 2 scrolls of silence
 r - 3 scrolls of blinking
 t - 3 scrolls of identify
 H - 3 scrolls of revelation
 P - a scroll of brand weapon
Potions
 a - 5 potions of magic
 d - 8 potions of might
 f - a potion of resistance
 g - a potion of cancellation
 h - 2 potions of haste
 j - 3 potions of curing
 k - 6 potions of mutation
 p - a potion of heal wounds
 v - 6 potions of brilliance
 z - 7 potions of enlightenment
 I - 3 potions of berserk rage
 J - 5 potions of ambrosia


   Skills:
 + Level 19.4(24.4) Fighting
 + Level 17.7(22.7) Maces & Flails
 + Level 19.3(24.3) Armour
 + Level 19.4(24.4) Shields


You had 18 spell levels left.
You didn't know any spells.
Your spell library contained the following spells:

 Spells                   Type           Power      Damage    Failure   Level
 Kiss of Death            Conj/Necr      0%         2d5       77%         1
 Sting                    Tmut/Pois      0%         1d3       77%         1
 Blink                    Tloc           0%         N/A       88%         2
 Lesser Beckoning         Tloc           0%         N/A       88%         2
 Poisonous Vapours        Pois/Air       0%         N/A       88%         2
 Confusing Touch          Hex            0%         N/A       98%         3
 Dazzling Flash           Conj/Hex       0%         N/A       98%         3
 Gell's Gravitas          Tloc           0%         N/A       98%         3
 Ignite Poison            Fire/Tmut/Pois 0%         N/A       98%         3
 Teleport Other           Tloc           0%         N/A       98%         3
 Volatile Blastmotes      Fire/Tloc      0%         2d10      98%         3
 Dispel Undead            Necr           0%         3d6       100%        4
 Manifold Assault         Tloc           0%         N/A       100%        4
 Olgreb's Toxic Radiance  Pois           0%         N/A       100%        4
 Alistair's Intoxication  Tmut/Pois      0%         N/A       100%        5
 Borgnjor's Vile Clutch   Necr/Erth      0%         N/A       100%        5
 Freezing Cloud           Conj/Ice/Air   0%         6-21      100%        5
 Lee's Rapid Deconstruct  Erth           0%         3d4*      100%        5
 Eringya's Noxious Bog    Tmut/Pois      0%         4d6       100%        6
 Starburst                Conj/Fire      0%         6d3       100%        6
 Borgnjor's Revivificati  Necr           0%         N/A       100%        8
 Maxwell's Capacitive Co  Air            0%         ∞         100%        8
 Death's Door             Necr           0%         N/A       100%        9
 Cigotuvi's Dreadful Rot  Necr/Pois/Air  Unusable   N/A       N/A         2
 Animate Armour           Summ/Erth      Unusable   N/A       N/A         4
 Summon Lightning Spire   Summ/Air       Unusable   N/A       N/A         4
 Summon Forest            Summ/Tloc      Unusable   N/A       N/A         5
 Death Channel            Necr           Unusable   N/A       N/A         6
 Haunt                    Necr/Summ      Unusable   N/A       N/A         7
 Summon Hydra             Summ           Unusable   N/A       N/A         7

Dungeon Overview and Level Annotations

Branches:
Dungeon (15/15)            Temple (1/1) D:5            Lair (5/5) D:8
 Shoals (0/4) Lair:3        Snake (4/4) Lair:2        Slime (0/5) Lair:4
    Orc (2/2) D:9             Elf (3/3) Orc:2        Vaults (0/5) D:14
 Depths (0/4) D:15         Bailey (visited)

Altars:
Ashenzari
Cheibriados
Dithmenos
Elyvilon
Fedhas
Gozag
Hepliaklqana
Kikubaaqudgha
Makhleb
Nemelex Xobeh
Okawaru
Qazlal
Ru
Sif Muna
Trog
Uskayaw
Vehumet
Wu Jian
Xom
Yredelemnul
Zin
The Shining One
Jiyva

Shops:
D:1 [[([   D:5 *=*=   D:7 [   D:8 [   D:11 !   D:15 [   Orc:1 (=   Orc:2 (*(!=
Elf:1 (:   Snake:4 (

Portals:
Pandemonium: Orc:2
Trove: Elf:2 (give +4 storm dragon scales)


Innate Abilities, Weirdness & Mutations

You are immune to sickness and miasma.
Your stone body is resilient. (AC +14)
You are immune to poison.
Your large and strong wings let you fly.
You resist negative energy. (rN+)
You are resistant to electric shocks. (rElec)
You are resistant to unholy torment.
You are immune to petrification.
You have large cloven feet.


Message History

You are too injured to fight recklessly!
You are too injured to fight recklessly!
You are too injured to fight recklessly!
You are too injured to fight recklessly!
You are too injured to fight recklessly!
You are too injured to fight recklessly!
You are too injured to fight recklessly!
You are too injured to fight recklessly!
You are too injured to fight recklessly!
You are too injured to fight recklessly!
You are too injured to fight recklessly!
You are too injured to fight recklessly!
You are too injured to fight recklessly!
You are too injured to fight recklessly!
You are too injured to fight recklessly!
You are too injured to fight recklessly!
You are too injured to fight recklessly!
You closely miss the deep elf master archer.
The deep elf master archer is almost dead.
The deep elf master archer shoots an arrow.
The arrow barely misses you.
You closely miss the deep elf master archer.
The deep elf master archer is almost dead.
The deep elf master archer shoots an arrow.
You block the arrow.
The deep elf master archer shoots an arrow.
You block the arrow.
You gain the combat prowess of a mighty hero.
The deep elf master archer unwields a +0 longbow.
You block the deep elf master archer's attack.
You impale the deep elf master archer!!
You kill the deep elf master archer!
Okawaru accepts your kill.
The deep elf death mage casts a spell at you.
The bolt of negative energy hits you but does no damage.
You resist.
The deep elf annihilator casts a spell at you.
The crystal spear hits you!!!
Ouch! That really hurt!
You die...

)/..## ##..............##.#.#.#.
....#####.###.#...#.##.###.#.#.#.
..#.[.....# #.#...#.##.........#.
#.####..### #.#...#.#####....###
#.......# #.......# #.. ..
######### ###.##### ###[[..#
#...# ##)[.[.# #.#)# #...##'#
#.#@# # #..##..#### #.#)# ##..
#..#......####.ee####..e..
#..'....⌠....#ee.#....⌠?..
#######.............e...#
#.[))..........#..........
..###.........###.........
#..............#..........
#######)................##


You could see 2 deep elf annihilators, a deep elf death mage and a deep elf
sorcerer (fast).

Vanquished Creatures
  Vashnia (Snake:2)
  2 deep elf blademasters
  2 deep elf master archers (Elf:3)
  A tentacled starspawn (Abyss:2)
  An Executioner (Abyss:2)
  4 nagarajas
  A storm dragon (Elf:1)
  Kirke (Lair:4)
  Aizul (Snake:1)
  4 deep elf sorcerers
  An iron dragon (Elf:1)
  2 deep elf elementalists
  A juggernaut zombie (Abyss:2)
  A cacodemon (Abyss:2)
  A stone giant (D:15)
  The ghost of Aqenwou the Unseen, a journeyman GrWn of Dithmenos (D:15)
  Nessos (D:15)
  5 deep elf demonologists
  4 deep elf annihilators
  A dire elephant (Lair:4)
  3 deep elf death magi
  2 fire dragons
  A deep elf high priest (Elf:1)
  An ogre mage (D:15)
  11 anacondas
  A salamander tyrant (Snake:3)
  A catoblepas (Lair:3)
  An ice dragon (Elf:1)
  Erica (Lair:2)
  A demonspawn (Orc:2)
  7 hydras
  7 two-headed ogres
  The ghost of avis the Cleaver, a novice HOMo of Beogh (D:8)
  36 dancing weapons
  6 death yaks
  5 centaur warriors
  A boulder beetle (D:12)
  14 naga warriors
  2 thrashing horrors (Abyss:2)
  2 tengu warriors (D:15)
  7 orc high priests
  6 shock serpents
  17 naga sharpshooters
  13 deep elf knights
  3 skysharks
  A soul eater (Abyss:2)
  5 skeletal warriors
  4 wretched stars (Abyss:2)
  3 salamander mystics (Snake:4)
  A spatial maelstrom (Abyss:2)
  2 sixfirhies (Orc:2)
  A quicksilver dragon simulacrum (Abyss:2)
  A glowing orange brain (Abyss:2)
  2 wizards
  4 naga ritualists
  4 deep elf archers
  15 orc knights
  16 deep elf zephyrmancers
  9 mana vipers
  4 lindwurms (Lair:5)
  2 cyclopes (D:12)
  8 orc sorcerers
  18 deep elf pyromancers
  19 ugly things
  2 manticores
  24 elephants
  7 salamanders
  30 black mambas
  5 naga magi
  25 cane toads
  An apocalypse crab (Abyss:2)
  2 torpor snails (Lair:5)
  An unseen horror (shapeshifter) (D:13)
  7 guardian serpents
  2 gargoyles
  2 rime drakes
  3 smoke demons (Abyss:2)
  4 centaur skeletons (D:14)
  10 komodo dragons
  An ice devil (Orc:2)
  An efreet (D:14)
  An unseen horror (D:12)
  A freezing wraith (Abyss:2)
  2 tengu conjurers (D:15)
  A harpy zombie (Abyss:2)
  A queen bee (D:12)
  9 trolls
  4 tyrant leeches (Lair:5)
  A hornet (D:10)
  3 meliai (D:12)
  Grinder (D:5)
  2 raiju (Abyss:2)
  A wind drake (Lair:3)
  27 blink frogs
  4 dream sheep (Lair:5)
  A slime creature (D:13)
  A centaur simulacrum (D:14)
  3 wraiths
  A ynoxinul (Abyss:2)
  2 air elementals
  6 shadows
  3 vampires
  4 hogs (Lair:4)
  A spriggan (Lair:4)
  4 water elementals
  2 wyverns
  29 yaks
  4 fire elementals
  A culicivora (shapeshifter) (D:12)
  6 basilisks
  3 humans (Lair:4)
  12 starcursed masses (Abyss:2)
  2 golden eyes (Abyss:2)
  2 neqoxecs (Abyss:2)
  3 chaos spawn
  A steam dragon (D:8)
  14 vampire mosquitoes
  5 large abominations (Abyss:2)
  Menkaure (D:5)
  4 acid dragons
  35 nagas
  2 spatial vortices (Abyss:2)
  A two-headed ogre zombie (D:9)
  13 water moccasins
  3 wargs
  A hell hound (Elf:2)
  2 ice beasts
  A black bear (Lair:4)
  3 sky beasts
  37 orc warriors
  6 small abominations (Abyss:2)
  11 ogres
  11 centaurs
  23 wolves
  2 phantoms
  3 kobold brigands
  13 bullfrogs
  6 earth elementals
  2 gnoll sergeants
  5 scorpions
  14 wights
  A troll zombie (D:9)
  A swamp dragon simulacrum (Abyss:2)
  24 killer bees
  2 electric eels
  4 howler monkeys
  4 quasits (Abyss:2)
  9 jellies
  30 orc priests
  A gnoll bouda (D:8)
  4 hounds
  3 iguanas (D:5)
  A sleepcap (D:6)
  23 orc wizards
  3 hell rats (Lair:3)
  6 ogre zombies (D:9)
  Robin (D:2)
  27 gnolls
  3 adders
  4 river rats (Lair:3)
  5 white imps
  2 ufetubi
  4 dart slugs
  91 orcs
  4 ball pythons
  3 bats
  3 endoplasms
  2 giant cockroaches
  21 goblins
  8 hobgoblins
  7 jackals
  A quokka (D:4)
  2 frilled lizards
  2 goblin zombies (D:9)
  3 hobgoblin skeletons (D:9)
  3 hobgoblin zombies (D:9)
  23 kobolds
  An orc skeleton (D:9)
  16 orc zombies (D:9)
  11 rats
1162 creatures vanquished.

Vanquished Creatures (others)
  A dancing weapon (Elf:1)
  A deep elf knight (Elf:2)
  An orc priest (Orc:2)
  An orc wizard (D:14)
  3 starspawn tentacles (Abyss:2)
7 creatures vanquished.

Grand Total: 1169 creatures vanquished

Notes
Turn   | Place    | Note
-------+----------+-------------------------------------------
     0 | D:1      | Dittersdorf the Gargoyle Fighter began the quest for the
                  | Orb.
     0 | D:1      | Reached XP level 1. HP: 14/14 MP: 1/1
    19 | D:1      | Found Seemnev's Antique Armour Shoppe.
   106 | D:1      | Found Vures's Antique Armour Shoppe.
   120 | D:1      | Found Nieler's Antique Armour Emporium.
   152 | D:1      | Reached XP level 2. HP: 19/19 MP: 2/2
   201 | D:1      | Found Veomuemp's Antique Weapon Boutique.
   215 | D:1      | Found a faded altar of an unknown god.
   465 | D:2      | Noticed Robin
   511 | D:2      | Killed Robin
   512 | D:2      | Reached XP level 3. HP: 17/24 MP: 3/3
  1770 | D:2      | Reached XP level 4. HP: 29/29 MP: 4/4
  2089 | D:3      | Reached XP level 5. HP: 33/33 MP: 5/5
  3247 | D:4      | Reached XP level 6. HP: 39/39 MP: 6/6
  3361 | D:5      | Entered Level 5 of the Dungeon
  3361 | D:5      | Found Zutissel's Assorted Antiques.
  3365 | D:5      | Found Kuxequpiwn's General Store.
  3365 | D:5      | Found Naubbem's Jewellery Boutique.
  3399 | D:5      | Found Nyjaepp's Jewellery Boutique.
  3523 | D:5      | Noticed Menkaure
  3529 | D:5      | Killed Menkaure
  3530 | D:5      | Reached skill level 5 in Fighting
  3530 | D:5      | Reached skill level 5 in Armour
  3672 | D:5      | Found a white marble altar of Elyvilon.
  3677 | D:5      | Reached skill level 5 in Shields
  3677 | D:5      | Reached XP level 7. HP: 39/44 MP: 7/7
  3749 | D:5      | Noticed Grinder
  3775 | D:5      | Killed Grinder
  3916 | D:5      | Found a hazy altar of Hepliaklqana.
  4175 | D:5      | Found a staircase to the Ecumenical Temple.
  4184 | Temple   | Entered the Ecumenical Temple
  4197 | Temple   | Became a worshipper of Warmaster Okawaru
  4364 | D:6      | Reached XP level 8. HP: 50/51 MP: 8/8
  4489 | D:6      | Reached skill level 5 in Maces & Flails
  4515 | D:6      | Reached * piety under Okawaru
  4667 | D:6      | Reached XP level 9. HP: 54/56 MP: 9/9
  4728 | D:6      | Reached ** piety under Okawaru
  5055 | D:7      | Found a flagged portal.
  5076 | Bailey   | Entered a bailey
  5262 | Bailey   | Noticed an orc knight
  5286 | Bailey   | Killed an orc knight
  5637 | D:7      | Found Togut's Antique Armour Shoppe.
  5799 | D:7      | Found a shadowy altar of Dithmenos.
  5999 | D:8      | Found Antoot's Antique Armour Emporium.
  6104 | D:1      | Bought a pair of embroidered boots for 187 gold pieces
  6104 | D:1      | Bought an embroidered cloak for 187 gold pieces
  6348 | D:8      | Reached *** piety under Okawaru
  6349 | D:8      | Reached XP level 10. HP: 51/64 MP: 10/10
  6584 | D:8      | Found a runed translucent gate.
  6584 | D:8      | Found a runed translucent gate.
  6584 | D:8      | Found a runed translucent gate.
  6584 | D:8      | Noticed a centaur warrior
  6584 | D:8      | Noticed avis's ghost (novice HOMo)
  6793 | D:8      | Found a staircase to the Lair.
  7207 | D:9      | Found a sacrificial altar of Ru.
  7216 | D:9      | Reached **** piety under Okawaru
  7310 | D:9      | Found a staircase to the Orcish Mines.
  7833 | D:10     | Entered Level 10 of the Dungeon
  7927 | D:10     | Identified the ring of Sirolug {rPois rC+}
  8002 | D:10     | Reached XP level 11. HP: 70/71 MP: 11/11
  8017 | D:10     | Noticed a two-headed ogre
  8036 | D:10     | Killed a two-headed ogre
  8036 | D:10     | Reached ***** piety under Okawaru
  8372 | D:10     | Noticed a centaur warrior
  8379 | D:10     | Killed a centaur warrior
  8380 | D:10     | Reached skill level 10 in Fighting
  8380 | D:10     | Reached skill level 10 in Armour
  8380 | D:10     | Reached skill level 10 in Shields
  8575 | D:10     | Noticed a purple ugly thing
  8592 | D:10     | Killed a purple ugly thing
  8592 | D:10     | Received a gift from Okawaru
  8729 | D:10     | Noticed a two-headed ogre
  8737 | D:10     | Killed a two-headed ogre
  8924 | Lair:1   | Entered Level 1 of the Lair of Beasts
 10102 | Lair:2   | Noticed Erica
 10110 | Lair:2   | Reached XP level 12. HP: 80/80 MP: 12/12
 10121 | Lair:2   | Killed Erica
 10155 | Lair:2   | Reached skill level 10 in Maces & Flails
 10368 | Lair:2   | Found a staircase to the Snake Pit.
 10534 | Lair:2   | Noticed a skyshark
 10556 | Lair:2   | Killed a skyshark
 10778 | Lair:2   | You fall into a shaft and drop 2 floors!
 10817 | Lair:4   | Found a staircase to the Slime Pits.
 10899 | Lair:4   | Noticed Kirke
 10900 | Lair:4   | Identified a scroll of acquirement
 10900 | Lair:4   | Acquired the +0 pair of gloves "Cudenkok" {rElec Str+2
                  | Dex+3}
 10904 | Lair:4   | Noticed a six-headed hydra
 10977 | Lair:4   | Killed a six-headed hydra
 10977 | Lair:4   | Identified the +0 scale mail of the Stonemason {rC+++ Str-3
                  | SInv Stlth+} (Okawaru gifted it to you on level 4 of the
                  | Lair of Beasts)
 10977 | Lair:4   | Received a gift from Okawaru
 11205 | Lair:4   | Noticed a sphinx
 11214 | Lair:4   | Killed Kirke
 12024 | Lair:4   | Found a viscous altar of Jiyva.
 12103 | Lair:4   | Noticed a six-headed hydra
 12120 | Lair:4   | Killed a six-headed hydra
 12121 | Lair:4   | Reached XP level 13. HP: 64/86 MP: 11/13
 12693 | Lair:3   | Received a gift from Okawaru
 12795 | Lair:3   | Noticed a dire elephant
 12874 | Lair:4   | Killed a dire elephant
 12874 | Lair:4   | Reached ****** piety under Okawaru
 13371 | Lair:3   | Found a staircase to the Shoals.
 13971 | Lair:3   | Gained mutation: Your large and strong wings let you fly.
                  | [Gargoyle growth]
 13971 | Lair:3   | Reached XP level 14. HP: 94/94 MP: 14/14
 14239 | Lair:3   | Identified the +0 pair of boots "Qawk" {rElec Will- Dex+3}
                  | (Okawaru gifted it to you on level 3 of the Lair of Beasts)
 14239 | Lair:3   | Received a gift from Okawaru
 14971 | Lair:5   | Entered Level 5 of the Lair of Beasts
 15826 | Lair:5   | Identified the +7 chain mail of Epigim {Rampage Drain rElec
                  | rPois} (Okawaru gifted it to you on level 5 of the Lair of
                  | Beasts)
 15826 | Lair:5   | Received a gift from Okawaru
 17003 | Orc:1    | Entered Level 1 of the Orcish Mines
 17130 | Orc:1    | Reached XP level 15. HP: 101/101 MP: 15/15
 17173 | Orc:1    | Found Duyla's Jewellery Shoppe.
 17270 | Orc:1    | Found Ilefauzeosm's Antique Weapon Boutique.
 17295 | Orc:1    | Identified the +8 morningstar "Hionitzia" {freeze, Fragile
                  | rC+++ Str+3} (Okawaru gifted it to you on level 1 of the
                  | Orcish Mines)
 17295 | Orc:1    | Received a gift from Okawaru
 17399 | Orc:1    | Bought the ring "Xarute" {Ice Str+5} for 722 gold pieces
 17486 | Orc:1    | Bought a translucent morningstar for 243 gold pieces
 17486 | Orc:1    | Identified the +4 morningstar of Fatigue {heavy, rC+} (You
                  | bought it in a shop on level 1 of the Orcish Mines)
 17550 | Orc:2    | Entered Level 2 of the Orcish Mines
 17550 | Orc:2    | Found Peatti's Antique Weapon Boutique.
 17895 | Orc:2    | Found a staircase to the Elven Halls.
 17904 | Orc:2    | Paralysed by an orc sorcerer for 3 turns
 18587 | Orc:2    | Found Guydayhu's Distillery.
 18630 | Orc:2    | Found Pybb's General Store.
 18752 | Orc:2    | Reached skill level 15 in Fighting
 18760 | Orc:2    | Reached skill level 15 in Shields
 18890 | Orc:1    | Reached skill level 15 in Armour
 19010 | Orc:2    | Received a gift from Okawaru
 19063 | Orc:2    | Paralysed by an orc sorcerer for 3 turns
 19119 | Orc:2    | Found Hallojuh's Antique Weapon Emporium.
 19119 | Orc:2    | Found Paperokka's Jewellery Shoppe.
 19119 | Orc:2    | Found a one-way gate leading to the halls of Pandemonium.
 19323 | D:11     | Found Qecruov's Distillery.
 19327 | D:11     | You are sucked into a shaft and drop 2 floors!
 20375 | D:13     | Identified the +4 chain mail "Lisoycy" {Harm} (Okawaru
                  | gifted it to you on level 13 of the Dungeon)
 20375 | D:13     | Received a gift from Okawaru
 20648 | D:13     | Found a viscous altar of Jiyva.
 21179 | D:1      | Bought a steaming plate armour for 616 gold pieces
 21179 | D:1      | Identified the +5 plate armour "Meluikiwk" {Rampage rN++}
                  | (You bought it in a shop on level 1 of the Dungeon)
 21468 | D:8      | Killed avis's ghost
 22088 | D:14     | Reached XP level 16. HP: 110/110 MP: 16/16
 22142 | D:14     | Found a gate to the Vaults.
 22553 | D:15     | Entered Level 15 of the Dungeon
 22615 | D:15     | Identified the +3 cloak "Goit" {rF++ Str-5 Int+3} (Okawaru
                  | gifted it to you on level 15 of the Dungeon)
 22615 | D:15     | Received a gift from Okawaru
 22812 | D:15     | Found a runed translucent gate.
 22812 | D:15     | Found a runed translucent gate.
 22812 | D:15     | Found a runed translucent gate.
 22815 | D:15     | Noticed Aqenwou's ghost (journeyman GrWn)
 23089 | D:15     | Found Erghi's Antique Armour Emporium.
 23152 | D:15     | Noticed Nessos
 23162 | D:15     | Killed Nessos
 23307 | D:15     | Identified the +11 scale mail "Jamneink" {rF+ rN+++ Regen+
                  | Int-5}
 23350 | D:15     | Found a staircase to the Depths.
 23369 | D:15     | Reached skill level 15 in Maces & Flails
 23446 | D:15     | Killed Aqenwou's ghost
 23741 | Snake:1  | Entered Level 1 of the Snake Pit
 23803 | Snake:1  | Found a flickering gateway to a bazaar.
 23831 | Bazaar   | Entered a bazaar
 23831 | Bazaar   | Found Qiallecw's Antique Weapon Emporium.
 23831 | Bazaar   | Found Roefoq's Antique Weapon Shop.
 23831 | Bazaar   | Found Ebeiraim's Antique Weapon Shoppe.
 23833 | Bazaar   | Found Ruwemigiff's Jewellery Boutique.
 23833 | Bazaar   | Found Kevuliy's General Store.
 23873 | Bazaar   | Bought the ring "Ykhaodgh" {Will+ Dex+5 SInv} for 420 gold
                  | pieces
 24265 | Snake:1  | Noticed Aizul
 24270 | Snake:1  | Killed Aizul
 24647 | Snake:2  | Identified the +1 pair of boots of the Planets {rElec rC+
                  | rN+ Regen+ Int+3} (Okawaru gifted it to you on level 2 of
                  | the Snake Pit)
 24647 | Snake:2  | Received a gift from Okawaru
 24757 | Snake:2  | Noticed Vashnia
 24819 | Snake:2  | Reached XP level 17. HP: 109/116 MP: 17/17
 24833 | Snake:2  | Killed Vashnia
 25929 | Snake:4  | Entered Level 4 of the Snake Pit
 26599 | Snake:4  | Received a gift from Okawaru
 27178 | Snake:4  | Received a gift from Okawaru
 27453 | Snake:4  | Reached XP level 18. HP: 124/124 MP: 18/18
 27635 | Snake:4  | Got a serpentine rune of Zot
 27742 | Snake:4  | Found Zuidu's Antique Weapon Emporium.
 28103 | Elf:1    | Entered Level 1 of the Elven Halls
 28224 | Elf:1    | Identified the +9 falchion of Duty {vamp, rElec}
 28286 | Elf:1    | Found Liyteusk's Book Emporium.
 28289 | Elf:1    | Found Qexedel's Antique Weapon Emporium.
 28865 | Abyss:2  | Found a corrupted altar of Lugonu.
 28865 | Abyss:2  | Cast into level 2 of the Abyss (+2 short sword of
                  | distortion)
 29173 | Abyss:2  | Gained mutation: You are dopey. (Int -2) [a cacodemon]
 29198 | Elf:1    | Escaped the Abyss
 29249 | Elf:1    | Noticed a Brimstone Fiend
 29431 | Elf:1    | Found a runed translucent gate.
 29431 | Elf:1    | Found a runed translucent gate.
 29431 | Elf:1    | Found a runed translucent gate.
 29431 | Elf:1    | Found a runed translucent gate.
 29431 | Elf:1    | Found a runed translucent gate.
 29467 | Elf:1    | Found a runed translucent gate.
 29508 | Elf:1    | Identified the +0 plate armour of Howling Wind {+Blink
                  | rCorr Int-5 SInv} (Okawaru gifted it to you on level 1 of
                  | the Elven Halls)
 29508 | Elf:1    | Received a gift from Okawaru
 29644 | Elf:2    | Identified the ring "Usiemipt" {Drain Fly Str+4 Int+6
                  | Stlth+}
 29722 | Elf:2    | Found a runed translucent gate.
 29723 | Elf:2    | Found a runed translucent gate.
 29723 | Elf:2    | Found a runed translucent gate.
 29780 | Elf:2    | Paralysed by an air elemental for 1 turns
 29786 | Elf:2    | Paralysed by an air elemental for 1 turns
 29828 | Abyss:2  | Cast into level 2 of the Abyss (+1 battleaxe of distortion)
 29968 | Abyss:2  | Gained mutation: You are weak. (Str -2) [a neqoxec]
 30325 | Elf:2    | Escaped the Abyss
 30602 | Elf:2    | Found a portal to a secret trove of treasure.
 30671 | Elf:2    | Received a gift from Okawaru
 30760 | Elf:2    | Noticed a deep elf blademaster
 30978 | D:11     | Bought a potion of mutation for 136 gold pieces
 31122 | Elf:2    | Lost mutation: You are dopey. (Int -2) [potion of mutation]
 31122 | Elf:2    | Lost mutation: You are weak. (Str -2) [potion of mutation]
 31122 | Elf:2    | Gained mutation: You have large cloven feet. [potion of
                  | mutation]
 31169 | Elf:2    | Killed a deep elf blademaster
 31211 | Elf:2    | Reached XP level 19. HP: 128/132 MP: 19/19
 31769 | Elf:3    | Entered Level 3 of the Elven Halls
 32017 | Elf:3    | Received a gift from Okawaru
 32351 | Elf:3    | Identified the amulet of Yendor {Spirit rPois Will+ Dex+2}
 32370 | Elf:3    | Identified the +4 trident of the Bouncing Blessings {venom,
                  | Dex+2}
 32619 | Elf:3    | Noticed a Hell Sentinel
 32621 | Elf:3    | Noticed a Brimstone Fiend
 32626 | Elf:3    | Noticed a Tzitzimitl
 32766 | Elf:3    | Noticed a Brimstone Fiend
 32769 | Elf:3    | Noticed an Ice Fiend
 32771 | Elf:3    | Noticed a Tzitzimitl
 33034 | Elf:3    | Killed from afar by a deep elf annihilator

Illustrated notes

Levels and vault maps discovered:
D:1:      orjb1_lava_funnel, layout_rooms, ebering_ecumenical_altar_rust,
          serial_shops, nicolae_shop_waterfront, shop, nicolae_shop_trees,
          nicolae_square_shop
D:2:      layout_basic, cheibrodos_gnoll_hut, uniq_robin
D:3:      layout_rooms, nrook_mini_vaults
D:4:      layout_loops_ring
D:5:      layout_cave_pods, mainiacjoe_overflow_tiny_flanked,
          nicolae_hepliaklqana_hazy_memory, temple_hall,
          dreamdust_princess_bridge, minmay_shop_grid_forest, uniq_grinder,
          uniq_menkaure
D:6:      minmay_spotlight, layout_basic
D:7:      layout_rooms, mainiacjoe_overflow_alcove_4, enter_bailey_5,
          serial_shops, shop
D:8:      layout_cave_pools, david_lair_shrubbed, serial_shops, shop,
          gammafunk_ghost_split
D:9:      layout_basic, old_standard_altar, zombieorc2_lemuel, feat_on_display
D:10:     minmay_razor_zed, layout_irregular_city, dk_noncrumbling_4,
          hangedman_abyss_or_decor_lesser_grid
D:11:     layout_cave_pools, serial_column_ruins, column_ruins_circle_large,
          column_ruins_square_medium, column_ruins_open_tiny,
          column_ruins_open_tiny, column_ruins_open_small,
          column_ruins_open_tiny, column_ruins_open_large, serial_shops,
          nicolae_shop_industrial_runoff, grunt_ministairs_7
D:12:     layout_rooms, minivault_7
D:13:     layout_roguey, jiyva_altar_1
D:14:     layout_basic, hangedman_vaults_entry_quadrant_bands,
          minmay_misc_feat_nine_boxes
D:15:     grunt_enter_depths_snipers, layout_loops_ring,
          biasface_ghost_orc_armoury, serial_shops,
          nicolae_shop_gibbet_a_chance, uniq_nessos
Temple:   dpeg_three_leaves_temple
Lair:1:   layout_cave_pods, special_room, lemuel_fruit_fields,
          infiniplex_staircase_pool_2, serial_bayou_shore_a
Lair:2:   layout_gridlike, minmay_snake_entry_guardpost_medium, uniq_erica
Lair:3:   mu_elephants_graveyard, layout_layer_cave, minmay_shoals_entry_beasts,
          kennysheep_abandoned_house, lemuel_fruit_tree
Lair:4:   layout_loops_ring, nicolae_slime_entry_field_trip, uniq_kirke
Lair:5:   minmay_lair_end_frog_pond, layout_cave_pods, nicolae_lair_lindhole
Snake:1:  layout_onion, serial_shops, bzr_entry_water, grunt_ministairs_1,
          nicolae_large_snake_swirl, uniq_aizul
Snake:2:  layout_misc_corridors, nicolae_elevator_lobby_plus, uniq_vashnia
Snake:3:  layout_onion_interference
Snake:4:  grunt_snake_rune_serpentine_throne, layout_cave_town, serial_shops,
          nicolae_shop_scrapyard, nicolae_snake_boneroom
Orc:1:    layout_diamond_mine, serial_shops, nicolae_shop_tiny_waterfront,
          nicolae_shop_window_shopping
Orc:2:    pf_orc_diabolical, layout_caves, serial_shops, shop
Elf:1:    eino_elf_arrival_sip, layout_gridlike, orc_legates, minmay_shop_star
Elf:2:    nicolae_elf_blades_crystal_corner, layout_gridlike, enter_trove_3,
          nicolae_elf_glass_and_crystal_pillar_2
Elf:3:    grunt_elf_hall_branching, layout_loops_cross

Skill      XL: |  1  2  3  4  5  6  7  8  9 10 11 12 13 14 15 16 17 18 19 |
---------------+----------------------------------------------------------+-----
Fighting       | 4 5 6 8 9 11 12 13 14 15 16 17 18 19 | 19.4
Armour         | 4 5 6 8 9 10 12 13 14 15 16 17 18 19 | 19.3
Shields        | 4 5 6 8 9 10 12 13 14 15 16 17 18 19 | 19.4
Maces & Flails | 3 4 5 7 8 9 11 12 13 14 15 16 17 | 17.7

Action                     |  1- 3 |  4- 6 |  7- 9 | 10-12 | 13-15 | 16-18 | 19-21 || total
---------------------------+-------+-------+-------+-------+-------+-------+-------++-------
  Melee: Flail             |   138 |   159 |   347 |   932 |  1127 |       |       ||  2703
         Morningstar       |       |       |       |       |   454 |   503 |       ||   957
         Eveningstar       |       |       |       |       |       |  1083 |   295 ||  1378
  Throw: Dart              |       |       |    12 |     6 |       |       |     1 ||    19
 Invoke: Heroism           |       |       |     1 |    10 |     3 |    15 |     1 ||    30
    Use: Scroll            |       |     7 |     4 |    11 |     8 |    12 |       ||    42
         Potion            |       |       |       |     1 |       |     9 |       ||    10
   Stab: Distracted        |       |       |       |       |       |     1 |       ||     1
 Armour: Scale mail        |     3 |       |       |       |       |       |       ||     3
         Chain mail        |   105 |   102 |    90 |       |   122 |       |       ||   419
         Plate armour      |       |       |   149 |   576 |   626 |   662 |   141 ||  2154
  Dodge: Dodged            |    48 |    97 |   147 |   219 |   556 |   424 |    48 ||  1539
  Block: Buckler           |    21 |    29 |   112 |       |       |       |       ||   162
         Tower shield      |       |       |    62 |   998 |  1850 |  1705 |   276 ||  4891

Table legend: (Time is in decaauts)
 A = Elapsed time spent in this place.
 B = Non-inter-level travel time spent in this place.
 C = Inter-level travel time spent in this place.
 D = Time resting spent in this place.
 E = Time spent auto-exploring this place.
 F = Levels seen in this place.
 G = Mean time per level.
                   A        B        C        D        E       F      G
               +--------+--------+--------+--------+--------+-----+--------+
         Total |  33353 |  30286 |   3067 |   4558 |  15580 |  36 |  926.5 |
       Dungeon |  13735 |  11796 |   1939 |    179 |   8138 |  15 |  915.7 |
        Temple |     26 |      2 |     24 |      0 |      0 |   1 |   26.0 |
          Lair |   8121 |   7741 |    380 |   1785 |   3819 |   5 | 1624.2 |
     Snake Pit |   3753 |   3592 |    161 |    678 |   1490 |   4 |  938.2 |
  Orcish Mines |   2368 |   2061 |    307 |    466 |    739 |   2 | 1184.0 |
   Elven Halls |   3732 |   3479 |    253 |    813 |   1284 |   3 | 1244.0 |
         Abyss |    786 |    786 |      0 |    213 |      4 |   4 |  196.5 |
        Bazaar |    362 |    362 |      0 |    300 |     32 |   1 |  362.0 |
        Bailey |    467 |    467 |      0 |    124 |     73 |   1 |  467.0 |
               +--------+--------+--------+--------+--------+-----+--------+

Top non-repeatable levels by time:
  Lair:4: 2371 daAuts
   Elf:2: 1871 daAuts
  Lair:5: 1832 daAuts
   Orc:2: 1777 daAuts
 Snake:4: 1746 daAuts
  Lair:3: 1658 daAuts
     D:2: 1651 daAuts
     D:9: 1251 daAuts
  Lair:1: 1195 daAuts
   Elf:1: 1174 daAuts
    D:10: 1165 daAuts
  Lair:2: 1063 daAuts
    D:15: 1032 daAuts
     D:5: 994 daAuts
    D:13: 925 daAuts
